Map: Habitation Station LE (Void)

Players

LBD - Winner!

  • Race: Terran Terran
  • League: Platinum
  • Spawn Location: 11:00

Fropez

  • Race: Protoss Protoss
  • League: Gold
  • Spawn Location: 1:00

VOD

Have the link to the VOD?

Description

Time

  • Played on: Jan. 13, 2017, 2:30 p.m.
  • Length: 7:40
Show
View Real Time Build Order
Export as new Build Order

LBD Terran - Winner!

Build Orders: 1/1/1 

Get SALT Encoding   

  12  0:01  SCV  
  13  0:13  SCV  
  14  0:20  Supply Depot  
  14  0:27  Refinery  
  14  0:30  SCV  
  15  0:46  Barracks  
  15  1:26  SCV, Supply Depot  
  16  1:38  SCV  
  17  1:43  Factory  
  17  1:46  Refinery, Barracks Tech Lab  
  17  2:02  SCV  
  18  2:14  SCV, Reaper  
  20  2:26  SCV  
  20  2:28  Starport  
  21  2:34  Factory Reactor  
  21  2:38  SCV, Factory Tech Lab  
  22  2:44  Engineering Bay  
  22  2:50  SCV  
  23  3:02  SCV  
  24  3:07  Siege Tank  
  27  3:14  SCV  
  28  3:25  Missile Turret  
  28  3:27  Orbital Command  
  28  3:34  Missile Turret  
  28  3:36  Starport Tech Lab  
  28  3:51  Supply Depot  
  28  3:56  Widow Mine  
  28  3:58  Barracks  
  30  4:13  Banshee  
  33  4:27  Cloaking Field  
  33  4:59  Banshee  
  31  5:06  Command Center  
  34  5:11  Siege Tank  
  37  5:18  Marauder  
  39  5:24  Barracks Reactor  
  39  5:36  Liberator  
  45  7:21  Marine x3  
Show
View Real Time Build Order
Export as new Build Order

Fropez Protoss 

Build Orders:  

Get SALT Encoding   

  12  0:02  Probe (Chrono Boost)  
  13  0:13  Probe (Chrono Boost)  
  14  0:23  Pylon  
  14  0:24  Probe (Chrono Boost)  
  15  0:41  Probe (Chrono Boost)  
  16  0:49  Gateway  
  16  0:52  Probe (Chrono Boost), Assimilator  
  17  1:01  Assimilator  
  17  1:02  Probe (Chrono Boost)  
  18  1:13  Probe (Chrono Boost)  
  19  1:29  Probe (Chrono Boost)  
  20  1:36  Gateway  
  20  1:38  Cybernetics Core  
  20  1:46  Pylon  
  20  1:48  Probe (Chrono Boost)  
  20  1:50  Assimilator  
  20  1:58  Probe (Chrono Boost)  
  21  2:04  Warp Gate  
  21  2:09  Probe (Chrono Boost)  
  22  2:17  Adept  
  22  2:20  Adept  
  24  2:27  Probe (Chrono Boost)  
  27  2:42  Mothership Core (Chrono Boost)  
  29  2:49  Adept  
  31  2:57  Pylon  
  31  3:15  Adept  
  31  3:17  Probe (Chrono Boost)  
  31  3:19  Pylon  
  34  3:24  Adept  
  36  3:29  Probe (Chrono Boost)  
  37  3:41  Pylon  
  38  3:50  Twilight Council, Probe (Chrono Boost)  
  38  3:51  Gateway  
  38  3:52  Gateway  
  38  4:02  Probe (Chrono Boost)  
  39  4:09  Adept x2  
  43  4:15  Probe (Chrono Boost)  
  44  4:17  Pylon  
  44  4:25  Nexus  
  44  4:27  Probe (Chrono Boost)  
  46  4:39  Probe (Chrono Boost)  
  45  4:54  Probe (Chrono Boost)  
  45  4:57  Stalker  
  45  4:58  Stalker  
  48  5:04  Stalker  
  48  5:06  Probe (Chrono Boost)  
  51  5:15  Blink  
  51  5:18  Probe (Chrono Boost)  
  52  5:27  Assimilator  
  52  5:30  Probe (Chrono Boost), Assimilator  
  52  5:34  Stalker  
  55  5:47  Probe x2 (Chrono Boost)  
  57  5:52  Stalker  
  57  5:56  Stalker  
  61  6:00  Probe (Chrono Boost)  
  55  6:18  Robotics Facility  
  49  6:30  Forge  
  47  6:41  Probe (Chrono Boost)  
  37  7:25  Pylon  
Tags
 
Add a new tag
Caveats
  • Supply blocks, unpowered buildings, or Contaminate may cause inaccurate times.
  • Supply counts are checked every 10 seconds.